AoeStats
← 极地沙尘暴

Arena

507296654Analyzed
2v2 RM · 14d ago on Sep 17, 2026· 44m 8s· 4 players
Game mode
Random Map
Map size
Medium (4 player)
Population
200
Speed
Normal
Resources
Standard
Victory
Conquest
Starting age
Dark Age
Ending age
Imperial Age
RankedLock teamsTeams togetherTeam positionsShared explorationLock speedFull tech treeHidden civsTurbo modeCheats
Victory
Defeat
🇳🇴 Vietnamese · Norway
1641
+7
🇨🇴 Bulgarians · Colombia
1577
+9
🇨🇳 Japanese · China
1406
-8
🇨🇳 Spanish · China
1406
-8
Mystic
9:42 Feudal Age
13:23 Castle Age
12:08 Double-Bit Axe
12:03 Horse Collar
14:19 Bow Saw
19:28 Town Watch
21:20 Wheelbarrow
23:05 Hand Cart
24:09 Gold Mining
28:19 Imperial Age
25:37 Loom
25:58 Stone Mining
26:00 Fletching
26:34 Ballistics
27:00 Heavy Plow
27:08 Thumb Ring
27:55 Bodkin Arrow
29:07 Bracer
30:10 Chemistry
29:50 Padded Archer Armor
30:49 Leather Archer Armor
31:41 Ring Archer Armor
32:32 Murder Holes
34:07 Stone Shaft Mining
34:07 Coinage
34:22 Treadmill Crane
34:54 Siege Engineers
35:57 Crop Rotation
36:05 Banking
36:21 Elite Rattan Archer
38:03 Scale Barding Armor
38:09 Forging
39:47 Bombard Tower
39:42 Chatras
40:06 Paper Money
40:31 Chain Barding Armor
40:46 Iron Casting
40:25 Bloodlines
40:15 Husbandry
41:35 Husbandry
43:10 Elite Battle Elephant
EL TIGRE ABELARDO
11:14 Feudal Age
12:00 Double-Bit Axe
12:42 Horse Collar
15:11 Castle Age
14:53 Wheelbarrow
16:20 Bow Saw
16:11 Heavy Plow
18:29 Hand Cart
18:40 Stone Mining
20:29 Loom
23:13 Fletching
24:35 Bodkin Arrow
24:45 Town Watch
27:13 Stone Shaft Mining
26:29 Gold Mining
30:57 Imperial Age
29:55 Forging
32:16 Iron Casting
33:28 Crop Rotation
33:59 Blast Furnace
33:29 Scale Barding Armor
33:56 Bracer
33:38 Elite Konnik
34:42 Bloodlines
34:33 Husbandry
34:57 Conscription
35:26 Chain Barding Armor
36:20 Plate Barding Armor
36:31 Coinage
36:03 Town Patrol
36:12 Scale Mail Armor
36:13 Squires
37:00 Stirrups
38:21 Chain Mail Armor
38:55 Banking
38:25 Caravan
39:42 Plate Mail Armor
42:10 Chemistry
41:31 Ballistics
41:21 Masonry
41:11 Light Cavalry
43:18 Hussar
极地沙尘暴
9:58 Feudal Age
9:59 Loom
13:47 Castle Age
12:10 Double-Bit Axe
12:45 Horse Collar
17:29 Gold Mining
26:42 Imperial Age
25:23 Bow Saw
25:26 Padded Archer Armor
25:59 Bloodlines
27:16 Wheelbarrow
28:51 Husbandry
30:08 Conscription
33:00 Elite Conquistador
33:57 Leather Archer Armor
34:24 Hand Cart
37:58 Ring Archer Armor
40:43 Ballistics
剃刀割猪头
9:56 Feudal Age
14:22 Castle Age
12:36 Double-Bit Axe
13:17 Horse Collar
17:06 Bow Saw
17:55 Stone Mining
20:07 Heavy Plow
22:24 Scale Mail Armor
23:12 Gold Mining
24:52 Forging
26:37 Chain Mail Armor
28:20 Gold Shaft Mining
30:59 Wheelbarrow
30:10 Loom
33:20 Imperial Age
32:40 Iron Casting
32:23 Hand Cart
33:28 Yasama
33:27 Gambesons
33:42 Squires
33:30 Arson
33:57 Fletching
35:16 Plate Mail Armor
34:43 Capped Ram
35:54 Conscription
35:56 Elite Samurai
36:55 Masonry
36:36 Guard Tower
37:07 Ballistics
39:29 Blast Furnace
39:00 Bodkin Arrow
39:44 Keep
40:10 Chemistry
39:38 Fortified Wall
41:47 Town Watch
42:18 Bracer
42:09 Arrowslits
Connection lost

Rejoining the realm…

Still unreachable

The connection could not be restored.

Session expired

The server has moved on; the page needs a fresh start.